AoeStats
← Erickinio

Oasis

509759734Analyzed
4v4 RM · 4d ago on Sep 27, 2026· 40m 26s· 8 players
Game mode
Random Map
Map size
Large (8 player)
Population
200
Speed
Normal
Resources
Standard
Victory
Conquest
Starting age
Dark Age
Ending age
Imperial Age
RankedLock teamsTeams togetherTeam positionsShared explorationLock speedFull tech treeHidden civsTurbo modeCheats
Victory
Defeat
🇳🇮 Khmer · Nicaragua
965
+13
🇦🇷 Celts · Argentina
946
+14
🇺🇸 Saracens · United States
923
+15
🇹🇷 Huns · Türkiye
844
+17
🇦🇷 Persians · Argentina
902
-15
🇦🇷 Varangians · Argentina
897
-15
🇦🇷 Danes · Argentina
895
-15
🇦🇷 Turks · Argentina
874
-14
Ratchet08
11:26 Feudal Age
18:22 Castle Age
17:02 Double-Bit Axe
19:33 Bow Saw
19:43 Fletching
19:54 Padded Archer Armor
19:18 Crossbowman
20:09 Thumb Ring
19:53 Loom
27:08 Horse Collar
31:02 Wheelbarrow
30:46 Leather Archer Armor
36:31 Imperial Age
33:48 Town Watch
34:05 Bodkin Arrow
37:31 Heavy Plow
38:08 Conscription
37:54 Bracer
38:25 Ring Archer Armor
38:18 Forging
38:14 Scale Barding Armor
37:39 Arbalester
38:27 Town Patrol
39:37 Two-Man Saw
39:18 Fortified Wall
Legolas
11:46 Feudal Age
16:56 Castle Age
16:30 Double-Bit Axe
17:49 Bow Saw
19:32 Horse Collar
22:14 Heavy Plow
23:12 Stone Mining
25:26 Stone Shaft Mining
24:42 Gold Mining
27:32 Gold Shaft Mining
28:34 Wheelbarrow
30:48 Imperial Age
32:05 Heavy Scorpion
34:18 Chemistry
33:24 Siege Engineers
33:24 Double Crossbow
35:47 Hand Cart
36:14 Ballistics
35:41 Town Watch
35:43 Loom
36:41 Capped Ram
38:38 Conscription
37:41 Siege Ram
39:49 Town Patrol
Turambar
3:54 Loom
11:58 Feudal Age
16:42 Castle Age
14:40 Horse Collar
14:53 Double-Bit Axe
16:46 Forging
18:24 Iron Casting
26:56 Heavy Plow
27:08 Bow Saw
27:00 Gold Mining
27:00 Stone Mining
28:47 Iron Casting
29:07 Wheelbarrow
28:19 Town Watch
29:57 Husbandry
33:29 Imperial Age
31:15 Scale Barding Armor
31:28 Bloodlines
32:07 Hand Cart
32:19 Chain Barding Armor
31:50 Fletching
32:40 Gold Shaft Mining
33:38 Town Patrol
33:38 Bodkin Arrow
33:36 Cavalier
35:53 Blast Furnace
35:44 Plate Barding Armor
35:40 Light Cavalry
35:44 Paladin
35:45 Light Cavalry
38:46 Two-Man Saw
38:36 Conscription
Erickinio
6:42 Loom
12:14 Feudal Age
12:50 Double-Bit Axe
14:08 Arson
20:48 Man-at-Arms
23:15 Scale Mail Armor
24:56 Forging
24:47 Gold Mining
24:48 Stone Mining
26:46 Wheelbarrow
26:04 Horse Collar
30:09 Castle Age
29:12 Fletching
29:23 Padded Archer Armor
36:25 Gambesons
39:37 Gold Shaft Mining
40:05 Iron Casting
40:08 Bow Saw
40:23 Pikeman
[Vsh]-Choco
11:04 Feudal Age
12:59 Loom
16:24 Castle Age
14:36 Double-Bit Axe
15:46 Stone Mining
24:08 Gold Mining
27:45 Wheelbarrow
33:37 Scale Mail Armor
33:48 Forging
34:15 Caravan
34:20 Hamask
35:35 Hand Cart
40:26 Imperial Age
[Vsh]-Tutta
11:24 Loom
13:13 Feudal Age
18:32 Man-at-Arms
25:54 Castle Age
26:08 Long Swordsman
26:33 Gambesons
26:13 Crossbowman
27:46 Wheelbarrow
28:54 Scale Mail Armor
28:54 Padded Archer Armor
35:24 Squires
35:09 Arson
40:15 Imperial Age
40:23 Imperial Age
[Vishero]-R1char
6:53 Loom
11:22 Feudal Age
11:55 Double-Bit Axe
18:26 Wheelbarrow
18:25 Horse Collar
20:43 Fletching
20:59 Scale Barding Armor
23:00 Castle Age
24:17 Chain Barding Armor
23:52 Bodkin Arrow
23:58 Padded Archer Armor
25:16 Forging
25:50 Sipahi
27:57 Ballistics
30:27 Caravan
30:45 Heavy Plow
30:56 Bow Saw
31:14 Treadmill Crane
31:30 Murder Holes
31:56 Gold Mining
31:57 Stone Mining
33:50 Gold Shaft Mining
37:44 Imperial Age
38:40 Elite Janissary
41:10 Parthian Tactics
bichoTlapone
10:34 Feudal Age
9:52 Loom
11:29 Double-Bit Axe
13:08 Man-at-Arms
13:36 Arson
17:37 Horse Collar
20:40 Forging
21:25 Scale Mail Armor
23:59 Castle Age
25:24 Gambesons
25:41 Squires
25:01 Pikeman
26:48 Wheelbarrow
27:03 Heavy Plow
28:13 Scale Barding Armor
28:08 Gold Mining
29:03 Stone Mining
31:01 Kamandaran
31:33 Hand Cart
31:57 Stone Shaft Mining
33:49 Ballistics
33:24 Heated Shot
33:44 Town Watch
39:10 Imperial Age
36:43 Town Patrol
37:07 Padded Archer Armor
37:28 Chain Barding Armor
37:43 Iron Casting
37:58 Gold Shaft Mining
38:54 Leather Archer Armor
38:30 Fletching
38:18 Crossbowman
39:03 Thumb Ring
Connection lost

Rejoining the realm…

Still unreachable

The connection could not be restored.

Session expired

The server has moved on; the page needs a fresh start.